 Dungeon Crawl Stone Soup version 0.20.0-14-g326068f (webtiles) character file.

88 Gorglomux the Cutter (level 4, 0/31 HPs)
             Began as a Halfling Monk on June 8, 2017.
             Slain by a goblin (2 damage)
             ... on level 3 of the Dungeon.
             The game lasted 00:05:26 (1944 turns).

Gorglomux the Cutter (Halfling Monk)                Turns: 1944, Time: 00:05:27

Health: 0/31       AC:  4    Str: 12    XL:     4   Next: 82%
Magic:  4/4        EV: 16    Int:  8    God:
Gold:   86         SH:  0    Dex: 13    Spells: 3/3 levels left

rFire    . . .     SeeInvis .   a - +0 short sword
rCold    . . .     Gourm    .   (shield restricted)
rNeg     . . .     Faith    +   b - +0 robe
rPois    .         Spirit   .   h - +0 helmet
rElec    .         Reflect  .   j - +0 cloak
rCorr    .         Harm     .   (no gloves)
MR       .....                  (no boots)
Stlth    +.........             p - amulet of faith (curse)
Regen    0.1/turn               m - ring of loudness (curse)
MPRegen  0.1/turn               q - -4 ring of dexterity (curse)

@: lethally poisoned (0 -> -1)
A: mutation resistance 1, screaming 1
a: no special abilities


You were on level 3 of the Dungeon.
You were hungry.

You visited 1 branch of the dungeon, and saw 3 of its levels.

You collected 86 gold pieces.

Inventory:

Hand Weapons
 a - a +0 short sword (weapon)
 T - a cursed -2 hunting sling
Missiles
 d - 47 stones (quivered)
Armour
 b - a +0 robe (worn)
 h - a +0 helmet (worn)
 j - a +0 cloak (worn)
Jewellery
 m - a cursed ring of loudness (left hand)
 p - a cursed amulet of faith (around neck)
 q - a cursed -4 ring of dexterity (right hand)
Scrolls
 g - a scroll of teleportation {unknown}
 l - a scroll of immolation {unknown}
 n - a scroll of amnesia {unknown}
 R - 3 scrolls of identify
 V - a scroll of enchant weapon {unknown}
 W - a scroll of enchant armour {unknown}
 X - a scroll of remove curse {unknown}
Comestibles
 c - a bread ration
 S - 2 chunks of flesh


   Skills:
 + Level 3.3 Fighting
 + Level 4.3 Short Blades
 + Level 3.8 Dodging
 + Level 3.5 Stealth


You had 3 spell levels left.
You didn't know any spells.

Dungeon Overview and Level Annotations

Branches:
Dungeon (3/15)

Altars:


Innate Abilities, Weirdness & Mutations

You are small and have problems with some larger weapons.
You are somewhat resistant to further mutation.
You occasionally shout uncontrollably at your foes.


Message History

You kill the adder!
Unknown command.
The goblin hits you but does no damage.
You see here an adder corpse.
Unknown command.
You miss the goblin. The goblin hits you.
* * * LOW HITPOINT WARNING * * *
Unknown command.
You barely miss the goblin.
* * * LOW HITPOINT WARNING * * *
You feel sick. The goblin hits you but does no damage.
You closely miss the goblin. The goblin hits you but does no damage.
You barely miss the goblin. The goblin completely misses you.
Unknown command.
* * * LOW HITPOINT WARNING * * *
You feel sick.
You aren't carrying any potions.
Okay, then.
You hit the goblin but do no damage. The goblin hits you.
You die...

##......#
........+
#.......#
#...[...#
#.......##
+.(.......
#......#
#.@g...#
+......+
#....†.#
#.....<#
#......#
#.######
#. #+


You could see a goblin.

Vanquished Creatures
  3 adders
  An ooze (D:1)
  A worm (D:2)
  A dart slug (D:1)
  2 leopard geckos
  3 bats
  A giant cockroach (D:2)
  10 goblins
  5 hobgoblins
  8 jackals
  5 frilled lizards
  5 kobolds (D:1)
  2 rats
47 creatures vanquished.

Notes
Turn   | Place    | Note
-------+----------+-------------------------------------------
     0 | D:1      | Gorglomux the Halfling Monk began the quest for the Orb.
     0 | D:1      | Reached XP level 1. HP: 15/15 MP: 1/1
   117 | D:1      | Reached XP level 2. HP: 19/20 MP: 2/2
   149 | D:1      | Reached skill level 3 in Stealth
   465 | D:1      | Reached XP level 3. HP: 21/25 MP: 3/3
   677 | D:1      | Reached skill level 3 in Fighting
   938 | D:1      | Reached skill level 4 in Short Blades
  1247 | D:2      | Reached XP level 4. HP: 19/31 MP: 4/4
  1623 | D:2      | Gained mutation: You occasionally shout uncontrollably at your foes. [potion of mutation]
  1944 | D:3      | Slain by a goblin

Skill      XL: |  1  2  3 |
---------------+----------+-----
Stealth        | 3 |  3.5
Fighting       | 3 |  3.3
Short Blades   | 4 |  4.3
Dodging        | |  3.8

Action                   |  1- 3 |  4- 6 || total
-------------------------+-------+-------++-------
Melee: Short sword       |   124 |    99 ||   223
  Use: Potion            |       |     3 ||     3
       Scroll            |       |     1 ||     1
 Stab: Distracted        |     1 |       ||     1
       Sleeping          |     3 |       ||     3
  Eat: Chunk             |     1 |     2 ||     3
Armor: Robe              |    18 |    16 ||    34
Dodge: Dodged            |    84 |    93 ||   177
